 Dungeon Crawl Stone Soup version 0.27-a0-1084-g78b3836a5f (webtiles) character file.

Game seed: 17950493806571408176

989 night the Magician (level 8, -5/50 HPs)
             Began as a Djinni Venom Mage on Apr 26, 2021.
             Killed by divine providence
             ... invoked by an orc priest
              (12 damage)
             ... on level 5 of the Dungeon.
             The game lasted 00:11:39 (4691 turns).

night the Magician (Djinni Venom Mage)              Turns: 4691, Time: 00:11:39

Health: -5/50      AC:  4    Str:  7    XL:     8   Next: 18%
Gold:   164        EV: 12    Int: 19    God:
                   SH:  7    Dex: 14

rFire    + + .     SeeInvis .   p - +5 long sword (drain)
rCold    . . .     Faith    .   n - +2 buckler
rNeg     . . .     Spirit   .   w - +1 leather armour {rC+}
rPois    ∞         Reflect  .   (no helmet)
rElec    .         Harm     .   i - scarf {repulsion}
rCorr    .         Rampage  .   (no gloves)
Will     .....                  (boots unavailable)
Stlth    ++........             (no amulet)
HPRegen  0.16/turn              (no ring)
MPRegen  0.00/turn              (no ring)

@: flying, repel missiles
A: fire resistance 2, cold vulnerability 1, float, innate caster, hp casting,
extra vitality 1
a: no special abilities


You were on level 5 of the Dungeon.
You visited 1 branch of the dungeon, and saw 5 of its levels.

You collected 164 gold pieces.

Inventory:

Hand Weapons
 b - a +0 spear
 g - a +0 trident
 m - a +0 hunting sling
 o - a +2 vorpal scimitar
 p - a +5 long sword of draining (weapon)
Missiles
 d - 25 poisoned darts
 e - 62 stones
 f - 33 arrows
 v - 21 sling bullets
Armour
 a - a +0 robe
 i - a scarf of repulsion (worn)
 n - a +2 buckler (worn)
 w - a +1 leather armour of cold resistance (worn)
Jewellery
 s - a ring of positive energy
Scrolls
 j - 2 scrolls of teleportation
 q - a scroll of fog
 t - a scroll of enchant armour {unknown}
Potions
 c - a potion of might {unknown}
 h - 2 potions of invisibility {unknown}
 k - 2 potions of heal wounds
 l - 3 potions of curing {unknown}
 r - a potion of haste {unknown}
 u - a potion of brilliance {unknown}


   Skills:
 + Level 2.5 Long Blades
 - Level 0.2 Polearms
 - Level 4.5 Dodging
 - Level 3.6 Stealth
 + Level 3.0 Shields
 * Level 5.6 Spellcasting


You couldn't memorise any spells.
You knew the following spells:

 Your Spells              Type           Power      Damage    Failure   Level
a - Sting                 Tmut/Pois      100%       1d8       1%          1
b - Poisonous Vapours     Pois/Air       52%        N/A       2%          2
c - Ignite Poison         Fire/Tmut/Pois 26%        N/A       5%          3
d - Olgreb's Toxic Radia  Pois           26%        N/A       19%         4
e - Mephitic Cloud        Conj/Pois/Air  26%        N/A       5%          3
f - Slow                  Hex            26%        N/A       2%          2
g - Spider Form           Tmut/Pois      13%        N/A       5%          3
z - Shock                 Conj/Air       100%       1d9       1%          1
Your spell library was empty.

Dungeon Overview and Level Annotations

Branches:
Dungeon (5/15)
 Temple: D:4-7

Altars:
Qazlal
The Shining One

Shops:
D:2 [   D:3 (


Innate Abilities, Weirdness & Mutations

You are immune to poison.
Your flesh is very heat resistant. (rF++)
You are vulnerable to cold. (rC-)
You float through the air rather than walking.
You learn spells naturally, not from books.
Your magical power is your life essence.
You have superior vitality. (+4 HP)


Message History

You see here a dart slug corpse.
An orc priest comes into view. It is wielding a +0 dagger.
Casting: Poisonous Vapours (safe; 3% risk of failure)
Confirm with . or Enter, or press ? or * to list all spells.
Aiming: Poisonous Vapours (safe; 3% risk of failure)
Press: ? - help, Dir - move target, f - orc priest
Aim: an orc priest, wielding a +0 dagger and wearing a +0 leather armour (wandering, hasn't noticed you) Poisonous vapours surround the orc priest!
The orc priest shouts!
The orc priest is engulfed in poison gas.
The orc priest is poisoned.
Casting: Poisonous Vapours (safe; 3% risk of failure)
Confirm with . or Enter, or press ? or * to list all spells.
Aiming: Poisonous Vapours (safe; 3% risk of failure)
Press: ? - help, Dir - move target, f/p - orc priest
Aim: an orc priest, wielding a +0 dagger and wearing a +0 leather armour (moderately wounded, poisoned) Poisonous vapours surround the orc priest!
The orc priest is engulfed in poison gas.
The orc priest looks even sicker.
The orc priest calls down the wrath of Beogh upon you.
Beogh smites you!
* * * LOW HITPOINT WARNING * * *
An orc comes into view. It is wielding a +0 club.
You hear a shout! x2
Casting: Poisonous Vapours (safe; 3% risk of failure)
Confirm with . or Enter, or press ? or * to list all spells.
You ignite the poison in your surroundings!
The orc priest seems to burn from within!!!
You kill the orc priest!
The orc shouts!
* * * LOW HITPOINT WARNING * * *
You hear a shout!
An orc priest comes into view. It is wielding a +0 dagger.
You hear a shout! x2
Your Shields skill increases to level 3!
Unknown command.
An orc comes into view. It is wielding a +0 club.
The orc priest mumbles some strange prayers to Beogh against you.
Beogh smites you!
You die...

#. #.# #..
####..#####
...o....#@#
.)o.o.....#
.#...#.##.#
..###†....#
#.#####
#..#
#..)#.#
#... .#
#... ..


You could see an orc priest and an orc.

Vanquished Creatures
  Grinder (D:3)
  3 ogres (D:4)
  2 scorpions (D:4)
  A water moccasin zombie (D:5)
  An orc priest (D:5)
  A hound (D:4)
  A centaur skeleton (D:4)
  Natasha (thrice) (D:2)
  An iguana (D:3)
  A hound zombie (D:5)
  7 adders
  4 gnolls (D:3)
  A worm (D:3)
  2 dart slugs
  2 orcs
  4 endoplasms
  2 giant cockroaches
  6 hobgoblins
  5 jackals
  6 kobolds
  2 quokkas
  6 ball pythons
  2 bats (D:3)
  3 frilled lizards
  5 goblins
  2 rats
74 creatures vanquished.

Vanquished Creatures (others)
  4 fungi (D:3)
  5 plants (D:3)
9 creatures vanquished.

Grand Total: 83 creatures vanquished

Notes
Turn   | Place    | Note
-------+----------+-------------------------------------------
     0 | D:1      | night the Djinni Venom Mage began the quest for the Orb.
     0 | D:1      | Reached XP level 1. HP: 15/15 MP: 0/0
   414 | D:1      | HP: 1/15 [quokka (2)]
   417 | D:1      | Reached XP level 2. HP: 19/21 MP: 0/0
   427 | D:1      | Reached skill level 2 in Stealth
  1036 | D:2      | Noticed Natasha
  1041 | D:2      | Killed Natasha
  1042 | D:2      | Reached skill level 3 in Spellcasting
  1042 | D:2      | Reached XP level 3. HP: 19/25 MP: 0/0
  1042 | D:2      | Learned a level 1 spell: Shock
  1178 | D:2      | Noticed Natasha
  1182 | D:2      | Killed Natasha
  1183 | D:2      | Reached XP level 4. HP: 12/31 MP: 0/0
  1474 | D:2      | Found a glowing golden altar of the Shining One.
  1785 | D:2      | Found Orpho's Antique Armour Boutique.
  2123 | D:2      | Noticed Natasha
  2132 | D:2      | Killed Natasha
  2135 | D:2      | Reached XP level 5. HP: 19/35 MP: 0/0
  2135 | D:2      | Learned a level 2 spell: Slow
  2441 | D:3      | Noticed Grinder
  2453 | D:3      | Paralysed by Grinder for 3 turns
  2463 | D:3      | Paralysed by Grinder for 2 turns
  2469 | D:3      | Paralysed by Grinder for 5 turns
  2478 | D:3      | Killed Grinder
  2479 | D:3      | Reached skill level 4 in Spellcasting
  2479 | D:3      | Reached XP level 6. HP: 6/40 MP: 0/0
  3262 | D:3      | Identified a scroll of acquirement
  3262 | D:3      | Acquired a +5 long sword of draining
  3538 | D:3      | Found Wuxkeem's Weapon Boutique.
  3614 | D:3      | Found a faded altar of an unknown god.
  3687 | D:3      | Reached skill level 1 in Shields
  3778 | D:4      | Reached XP level 7. HP: 45/45 MP: 0/0
  3778 | D:4      | Learned a level 3 spell: Spider Form
  3802 | D:4      | Reached skill level 1 in Long Blades
  3951 | D:4      | Reached skill level 2 in Shields
  4093 | D:4      | Reached skill level 5 in Spellcasting
  4171 | D:4      | Reached skill level 2 in Long Blades
  4327 | D:4      | Reached XP level 8. HP: 36/50 MP: 0/0
  4423 | D:4      | Found a stormy altar of Qazlal.
  4635 | D:5      | Entered Level 5 of the Dungeon
  4691 | D:5      | Killed from afar by an orc priest

Illustrated notes

Levels and vault maps discovered:
D:1:      eino_arrival_water_star, layout_basic
D:2:      layout_loops_ring, basic_altar, serial_shops, shop,
          kennysheep_generic_room_8, uniq_natasha
D:3:      layout_loops_ring, shapermc_ecumenical_altar_mp_urbaneastern,
          serial_shops, shop, uniq_grinder
D:4:      layout_cave_pools, grunt_qazlal_clouds
D:5:      layout_basic, amcnicky_altar_gilded, serial_shops, shop,
          gammafunk_ghost_nasty_kobolds, minivault_26,
          minmay_fractal_squares_diagonal_5, uniq_edmund

Skill      XL: |  1  2  3  4  5  6  7  8 |
---------------+-------------------------+-----
Stealth        | 2 3 |  3.6
Dodging        | 3 4 |  4.5
Spellcasting   | 3 4 5 |  5.6
Shields        | 1 2 3 |  3.0
Long Blades    | 2 |  2.5
Polearms       | |  0.2

Action                   |  1- 3 |  4- 6 |  7- 9 || total
-------------------------+-------+-------+-------++-------
Melee: Unarmed           |     5 |       |       ||     5
       Spear             |     4 |       |       ||     4
       Trident           |       |    17 |       ||    17
       Long sword        |       |     5 |    25 ||    30
       Scimitar          |       |     4 |     3 ||     7
 Cast: Sting             |    25 |     7 |       ||    32
       Poisonous Vapours |     8 |    30 |    24 ||    62
       Mephitic Cloud    |       |     3 |       ||     3
       Shock             |       |     8 |       ||     8
       Ignite Poison     |       |     2 |     7 ||     9
       Slow              |       |     3 |     3 ||     6
       Olgreb's Toxic Ra |       |     2 |       ||     2
  Use: Potion            |     1 |       |       ||     1
       Scroll            |       |     4 |       ||     4
 Stab: Sleeping          |       |     6 |     1 ||     7
Armor: Robe              |     2 |     2 |     2 ||     6
       Leather armour    |       |       |     2 ||     2
Dodge: Dodged            |    15 |    20 |    18 ||    53
Block: Buckler           |       |     4 |    14 ||    18
       Rpst.: Long sword |       |     3 |     8 ||    11
       Scimitar          |       |     1 |       ||     1

Table legend: (Time is in decaauts)
 A = Elapsed time spent in this place.
 B = Non-inter-level travel time spent in this place.
 C = Inter-level travel time spent in this place.
 D = Time resting spent in this place.
 E = Time spent auto-exploring this place.
 F = Levels seen in this place.
 G = Mean time per level.
                   A        B        C        D        E       F      G
               +--------+--------+--------+--------+--------+-----+--------+
         Total |   4705 |   4543 |    162 |    703 |   3333 |   5 |  941.0 |
       Dungeon |   4705 |   4543 |    162 |    703 |   3333 |   5 |  941.0 |
               +--------+--------+--------+--------+--------+-----+--------+

Top non-repeatable levels by time:
     D:2: 1358 daAuts
     D:3: 1337 daAuts
     D:1: 1035 daAuts
     D:4: 911 daAuts
     D:5: 62 daAuts
